 Dungeon Crawl Stone Soup version 0.27-a0-1456-gf5a116941d (webtiles) character file.

Game seed: 18042481719488400704

76 wesbby the Skirmisher (level 4, -3/41 HPs)
             Began as a Minotaur Berserker on July 6, 2021.
             Was a Believer of Trog.
             Killed from afar by an orc wizard (10 damage)
             ... with a magic dart
             ... on level 3 of the Dungeon.
             The game lasted 00:02:02 (1443 turns).

wesbby the Skirmisher (Minotaur Berserker)          Turns: 1443, Time: 00:02:03

Health: -3/41      AC:  2    Str: 22    XL:     4   Next: 12%
Magic:  3/3        EV: 12    Int:  4    God:    Trog [**....]
Gold:   747        SH:  0    Dex: 10    Spells: 3/3 levels left

rFire    . . .     SeeInvis .   a - +0 hand axe
rCold    . . .     Faith    .   (no shield)
rNeg     . . .     Spirit   .   b - +0 animal skin
rPois    .         Reflect  .   (helmet restricted)
rElec    .         Harm     .   (no cloak)
rCorr    .         Rampage  .   (no gloves)
Will     ++...                  (no boots)
Stlth    +.........             (no amulet)
HPRegen  1.13/turn              (no ring)
MPRegen  0.08/turn              (no ring)

@: strong-willed, on berserk cooldown, regenerating, slowed, very slow
A: horns 2, retaliatory headbutt
a: Renounce Religion, Berserk, Trog's Hand


You were on level 3 of the Dungeon.
You worshipped Trog.
Trog was pleased with you.
You visited 1 branch of the dungeon, and saw 4 of its levels.

You collected 747 gold pieces.

Inventory:

Hand Weapons
 a - a +0 hand axe (weapon)
Armour
 b - a +0 animal skin (worn)
Potions
 c - a potion of ambrosia {unknown}


   Skills:
 + Level 4.6 Fighting
 + Level 4.6 Axes
 + Level 2.6 Armour
 + Level 2.9 Dodging


You had 3 spell levels left.
You didn't know any spells.
Your spell library was empty.

Dungeon Overview and Level Annotations

Branches:
Dungeon (4/15)
 Temple: D:4-7

Altars:

Annotations:
D:4 Ijyb


Innate Abilities, Weirdness & Mutations

You have a pair of horns on your head.
You reflexively headbutt those who attack you in melee.


Message History

The magic dart hits you!
The orc wizard gestures at you while chanting.
You resist with some effort.
You are too injured to fight recklessly!
You are too injured to fight recklessly!
You are too injured to fight recklessly!
You are too injured to fight recklessly!
You are too injured to fight recklessly!
You hit the orc wizard.
The orc wizard is heavily wounded.
The orc wizard barely misses you.
You completely miss the orc wizard.
The orc wizard is heavily wounded.
The orc wizard casts a spell at you.
You are confused.
The orc wizard completely misses you.
You bump into the rock wall.
The orc wizard hits you with a +0 dagger.
You barely miss the orc wizard.
The orc wizard is heavily wounded.
The orc wizard barely misses you.
The orc wizard gestures wildly while chanting.
The orc wizard flickers and vanishes!
Deactivating autopickup; reactivate with Ctrl-A.
You miss something. Something hits you but does no damage. Something hits you.
You bump into the rock wall.
You feel less confused.
You hear some strange, mumbled words.
A puff of flame appears from out of thin air!
The puff of flame hits you!
* * * LOW HITPOINT WARNING * * *
You miss something. Something hits you.
* * * LOW HITPOINT WARNING * * *
Something hits you but does no damage.
Your skin crawls.
You feel strong-willed.
You hear some strange, mumbled words.
A magic dart appears from out of thin air!
The magic dart hits you!
You die...

#. #.# #. .. .. ..
.#. ... #.##. #{##.
## #+# #@##. ># #.#
#)# .#.# #.# #)# ...
##.## #.# #.# ##...##
#.###.# #.....#
#.....# ...###...###
#####.#
...........########.#
#######.##..........#


There were no monsters in sight!

Vanquished Creatures
  An orc wizard (D:3)
  3 dart slugs
  3 orcs (D:3)
  An endoplasm (D:1)
  A giant cockroach (D:1)
  2 goblins (D:1)
  A hobgoblin (D:1)
  12 jackals
  3 quokkas (D:1)
  A ball python (D:1)
  4 bats (D:1)
  2 frilled lizards (D:1)
  3 kobolds
  A rat (D:1)
38 creatures vanquished.

Notes
Turn   | Place    | Note
-------+----------+-------------------------------------------
     0 | D:1      | wesbby the Minotaur Berserker began the quest for the Orb.
     0 | D:1      | Reached XP level 1. HP: 19/19 MP: 0/0
    23 | D:1      | Reached XP level 2. HP: 24/27 MP: 1/1
   643 | D:1      | Reached XP level 3. HP: 34/34 MP: 2/2
   989 | D:1      | Reached ** piety under Trog
  1107 | D:1      | Identified a scroll of acquirement
  1107 | D:1      | Acquired 694 gold pieces
  1259 | D:2      | You fall into a shaft and drop 2 floors!
  1260 | D:4      | Noticed Ijyb
  1434 | D:3      | Reached XP level 4. HP: 28/41 MP: 3/3
  1443 | D:3      | Killed from afar by an orc wizard

Illustrated notes

Levels and vault maps discovered:
D:1:      heliophobic_arrival_ceremonial_halls, layout_basic, minmay_cut_off
D:2:      minmay_wonky_spiral, layout_basic,
          hellmonk_ecumenical_altar_leap_of_faith
D:3:      layout_loops_corners, lemuel_coloured_pillars_altar,
          makhleb_altar_promises_db, serial_shops, shop, uniq_grinder,
          uniq_jessica
D:4:      layout_gridville, nicolae_ashenzari_panopticon,
          nicolae_overflow_hidden_temple, sigmund_army, uniq_pikel, uniq_ijyb

Skill      XL: |  1  2 |
---------------+-------+-----
Fighting       | 4 |  4.6
Axes           | 4 |  4.6
Armour         | |  2.6
Dodging        | |  2.9

Action                   |  1- 3 |  4- 6 || total
-------------------------+-------+-------++-------
Melee: Hand axe          |    58 |     7 ||    65
       Headbutt          |    14 |       ||    14
Invok: Berserk           |     3 |       ||     3
       Trog's Hand       |       |     1 ||     1
  Use: Scroll            |     1 |       ||     1
Armor: Animal skin       |    10 |     2 ||    12
Dodge: Dodged            |    51 |     4 ||    55

Table legend: (Time is in decaauts)
 A = Elapsed time spent in this place.
 B = Non-inter-level travel time spent in this place.
 C = Inter-level travel time spent in this place.
 D = Time resting spent in this place.
 E = Time spent auto-exploring this place.
 F = Levels seen in this place.
 G = Mean time per level.
                   A        B        C        D        E       F      G
               +--------+--------+--------+--------+--------+-----+--------+
         Total |   1474 |   1341 |    133 |      0 |   1168 |   4 |  368.5 |
       Dungeon |   1474 |   1341 |    133 |      0 |   1168 |   4 |  368.5 |
               +--------+--------+--------+--------+--------+-----+--------+

Top non-repeatable levels by time:
     D:1: 1148 daAuts
     D:3: 195 daAuts
     D:2: 125 daAuts
     D:4: 5 daAuts
